 Dungeon Crawl Stone Soup version 0.24-a0-615-g751f86b5a9 (webtiles) character file.

Game seed: 5173049167404686418, levelgen mode: deterministic

59080 Melior the Thaumaturge (level 14, -3/108 HPs)
             Began as a Gnoll Wizard on Sept 13, 2019.
             Was a High Priest of Vehumet.
             Killed from afar by a green death (27 damage)
             ... with a poison arrow
             ... in a Gauntlet.
             The game lasted 02:14:12 (23883 turns).

Melior the Thaumaturge (Gnoll Wizard)              Turns: 23883, Time: 02:14:13

Health: -3/108     AC: 10    Str: 11    XL:     14   Next: 93%
Magic:  3/29       EV: 19    Int: 28    God:    Vehumet [*****.]
Gold:   2597       SH:  6    Dex: 14    Spells: 9/36 levels left

rFire    + . .     SeeInvis .   P - +4 dagger (freeze)
rCold    + . .     Gourm    .   R - +0 buckler
rNeg     . . .     Faith    .   V - +1 robe "Ucsu" {Int+4}
rPois    .         Spirit   .   v - +2 helmet
rElec    .         Reflect  .   k - scarf {rC+ rF+}
rCorr    .         Harm     .   G - +0 pair of gloves
MR       +....     NoTele   +   L - +0 pair of boots
Stlth    ++++......             H - amulet of regeneration
HPRegen  0.68/turn              (no ring)
MPRegen  0.21/turn              (no ring)

@: lethally poisoned (-3 -> -11)
A: distributed training, fangs 1, strong nose
a: Renounce Religion


You were in a Gauntlet.
You worshipped Vehumet.
Vehumet was extremely pleased with you.
You were not hungry.

You visited 3 branches of the dungeon, and saw 19 of its levels.
You also visited: Sewer, Ossuary and Gauntlet.

You collected 2597 gold pieces.

Inventory:

Hand Weapons
 P - a +4 dagger of freezing (weapon)
Missiles
 B - 3 boomerangs of dispersal (quivered)
 Y - 7 curare-tipped darts
Armour
 k - a scarf of resistance (worn)
 v - a +2 helmet (worn)
 G - a +0 pair of gloves (worn)
 L - a +0 pair of boots (worn)
 R - a +0 buckler (worn)
 V - the +1 robe "Ucsu" (worn) {Int+4}
   (You found it on level 4 of the Lair of Beasts)

   It affects your intelligence (+4).
Jewellery
 H - an amulet of regeneration (around neck)
Wands
 D - a wand of scattershot (2)
 J - a wand of disintegration (8)
 M - a wand of flame (2)
 N - a wand of digging (6)
 Q - a wand of paralysis (10)
 T - a wand of polymorph (11)
Scrolls
 a - 2 scrolls of acquirement {unknown}
 b - 3 scrolls of fog
 c - 16 scrolls of remove curse
 h - a scroll of magic mapping
 i - a scroll of random uselessness {unknown}
 j - 5 scrolls of blinking
 l - 5 scrolls of immolation
 m - 8 scrolls of teleportation
 p - 7 scrolls of amnesia
 W - 4 scrolls of summoning {unknown}
 X - a scroll of vulnerability {unknown}
 Z - a scroll of torment {unknown}
Potions
 e - 2 potions of haste {unknown}
 f - 6 potions of curing
 g - 4 potions of heal wounds
 n - a potion of berserk rage {unknown}
 q - 3 potions of might
 r - 3 potions of magic
 s - 5 potions of cancellation
 t - a potion of flight {unknown}
 u - 2 potions of degeneration {unknown}
 x - 3 potions of ambrosia {unknown}
 A - 2 potions of invisibility
 E - 3 potions of brilliance
 I - 2 potions of mutation {unknown}
 K - 4 potions of agility
 U - a potion of resistance {unknown}
Miscellaneous
 z - a box of beasts
Comestibles
 d - 23 rations


   Skills:
 + Level 9.4 Fighting
 + Level 9.4 Short Blades
 + Level 9.4 Long Blades
 + Level 9.4 Axes
 + Level 9.4 Maces & Flails
 + Level 9.4 Polearms
 + Level 9.4 Staves
 + Level 9.4 Slings
 + Level 9.4 Bows
 + Level 9.4 Crossbows
 + Level 9.4 Throwing
 + Level 9.4 Armour
 + Level 10.5 Dodging
 + Level 10.3 Stealth
 + Level 9.4 Shields
 + Level 9.4 Unarmed Combat
 + Level 11.6 Spellcasting
 + Level 8.2 Conjurations
 + Level 7.9 Hexes
 + Level 7.9 Charms
 + Level 8.2 Summonings
 + Level 7.9 Necromancy
 + Level 8.2 Translocations
 + Level 7.9 Transmutations
 + Level 7.9 Fire Magic
 + Level 7.9 Ice Magic
 + Level 7.9 Air Magic
 + Level 7.9 Earth Magic
 + Level 7.9 Poison Magic
 + Level 10.3 Invocations
 + Level 9.4 Evocations


You had 9 spell levels left.
You knew the following spells:

 Your Spells              Type           Power        Failure   Level  Hunger
a - Magic Dart            Conj           ####         1%          1    None
b - Blink                 Tloc           N/A          1%          2    None
c - Call Imp              Summ           ######..     1%          2    None
d - Conjure Flame         Conj/Fire      ######..     1%          3    None
e - Mephitic Cloud        Conj/Pois/Air  ######..     1%          3    None
f - Stone Arrow           Conj/Erth      ######       1%          3    None
g - Olgreb's Toxic Radia  Pois           ######..     1%          4    None
h - Bolt of Cold          Conj/Ice       ######....   5%          6    #####..
r - Regeneration          Chrm/Necr      ######....   1%          3    None

Your spell library contained the following spells:

 Spells                   Type           Power        Failure   Level  Hunger
 Conjure Ball Lightning   Conj/Air       ######....   5%          6    #####..
 Animate Skeleton         Necr           N/A          1%          1    None
 Corona                   Hex            ######.      1%          1    None
 Pain                     Necr           ####         1%          1    None
 Sting                    Conj/Pois      ####         1%          1    None
 Poisonous Vapours        Pois/Air       ######       1%          2    None
 Slow                     Hex            ######..     1%          2    None
 Inner Flame              Hex/Fire       ######..     1%          3    None
 Portal Projectile        Hex/Tloc       ######       1%          3    None
 Vampiric Draining        Necr           ######....   1%          3    None
 Animate Dead             Necr           N/A          1%          4    None
 Cause Fear               Hex            ######....   1%          4    None
 Leda's Liquefaction      Hex/Erth       ######....   1%          4    None
 Venom Bolt               Conj/Pois      ######....   1%          5    ###....


Dungeon Overview and Level Annotations

Branches:
Dungeon (11/15)            Temple (0/1) D:6            Lair (6/6) D:9
  Swamp (0/4) Lair:2        Snake (0/4) Lair:4        Slime (0/5) Lair:6
    Orc (2/2) D:10            Elf (0/3) Orc:2         Sewer (visited)
Ossuary (visited)         Gauntlet (1/1)

Altars:
Cheibriados
Kikubaaqudgha
Makhleb
Nemelex Xobeh
Qazlal
Ru
Trog
Uskayaw
Vehumet
Yredelemnul
Beogh

Shops:
D:4 (   Orc:2 [%=:

Annotations:
D:8 1 exclusion
Lair:1 1 runed translucent door, confidenceinterval's ghost, journeyman HOFi Gauntlet 9 transporters


Innate Abilities, Weirdness & Mutations

Your experience applies equally to all skills.
You have very sharp teeth.
Your uncanny sense of smell can sniff out nearby items.


Message History

You are more poisoned.
Evoke which item? (* to show all) (? for menu, Esc to quit)
Aiming: Throw Flame
Press: ? - help, Shift-Dir - straight line, f/p - green death
Aim: a green death (almost dead)
The puff of flame misses the green death.
You feel sick. The green death misses you.
Evoke which item? (* to show all) (? for menu, Esc to quit)
Aiming: Throw Flame
Press: ? - help, Shift-Dir - straight line, f/p - green death
Aim: a green death (almost dead)
The puff of flame hits the green death!
The green death is almost dead.
You feel sick. The green death hits you!!
* * * LOW HITPOINT WARNING * * *
You feel better. The green death gestures at you. The poison arrow hits you!!
You are poisoned.
You die...

##....J#...##^#[©..^##..#
########...###########..###
#.©.#...§≈....#.©.#.....#8#
#...#...≈8≈...#...#.8...###
#.©.#...§≈....#.©.#.....#
########...###########..###
.......#...#....#....#..#8#
##h##^.#...#...#2#...#..###
#^^h##.#...#..#.@P#^.#..#
.....#^#...#.#P.#..#.#..###
..©....#...##P.#P#.P##..#8#
.....#.#...#..#P^P#..#..###
#..^##.#...#^#P.#.P#^#..#
##.##^§#...##P.#.#..##..###
[.©=bbb#.§§#.=#.©.#??#..#8#
########.§§###########..###
#.©.#....≈....#.©.#.....#


You could see a green death.

Vanquished Creatures
  Saint Roka (Orc:1)
  Snorg (D:10)
  A centaur warrior (Orc:2)
  6 hydras
  5 death yaks
  Nergalle (Orc:1)
  An orc knight (Orc:2)
  An orc sorcerer (Orc:2)
  A wolf spider (Lair:6)
  A guardian serpent (Lair:6)
  4 elephants (Lair:5)
  9 black mambas
  An orange demon (Gauntlet)
  A centaur skeleton (D:10)
  22 spiny frogs
  4 komodo dragons
  3 rime drakes
  A queen bee (D:10)
  4 trolls
  3 polar bears
  Grinder (D:5)
  2 hornets
  A bog body (Lair:2)
  19 blink frogs
  10 hippogriffs
  10 dream sheep
  A wraith (D:10)
  A centaur simulacrum (Gauntlet)
  Eustachio (D:5)
  3 redbacks (Lair:6)
  A fire elemental (Lair:6)
  32 yaks
  8 wyverns
  A spriggan (Lair:2)
  2 basilisks
  2 hungry ghosts
  2 wargs
  2 nagas (Lair:4)
  20 water moccasins
  8 porcupines
  37 orc warriors
  2 sky beasts
  2 black bears
  An ice beast (D:5)
  10 ogres
  3 phantoms
  15 wolves
  14 centaurs
  8 crocodiles
  19 bullfrogs
  2 water moccasin skeletons (D:6)
  3 scorpions
  22 killer bees
  2 electric eels
  2 howler monkeys
  12 wights
  A bullfrog zombie (D:9)
  4 crimson imps
  A quasit (D:10)
  Crazy Yiuf (D:3)
  6 hounds
  2 wyvern simulacra (Gauntlet)
  15 orc priests
  3 jellies
  3 iguanas
  11 orc wizards
  4 worker ants
  8 mummies (Ossuary)
  A worker ant zombie (D:9)
  3 gnolls (D:7)
  9 adders
  A shadow imp (D:6)
  3 oozes
  2 adder zombies (D:6)
  An adder skeleton (D:4)
  A worm (D:3)
  3 dart slugs (D:2)
  5 leopard geckos
  61 orcs
  12 giant cockroaches
  2 gnoll zombies (Ossuary)
  5 goblins
  10 hobgoblins
  17 jackals
  4 quokkas
  4 ball pythons
  6 bats
  8 frilled lizards
  3 hobgoblin zombies (Ossuary)
  6 kobolds
  2 kobold zombies (Ossuary)
  An orc zombie (Ossuary)
  4 rats
585 creatures vanquished.

Vanquished Creatures (others)
  4 demonic plants (Gauntlet)
  19 fungi
  21 plants
44 creatures vanquished.

Grand Total: 629 creatures vanquished

Notes
Turn   | Place    | Note
-------+----------+-------------------------------------------
     0 | D:1      | Melior the Gnoll Wizard began the quest for the Orb.
     0 | D:1      | Reached XP level 1. HP: 13/13 MP: 8/8
   188 | D:1      | Reached XP level 2. HP: 19/19 MP: 2/10
   986 | D:2      | Reached XP level 3. HP: 25/25 MP: 7/11
  1114 | D:2      | Found a sparkling altar of Nemelex Xobeh.
  1247 | D:2      | Found a basalt altar of Yredelemnul.
  1248 | D:2      | Found a bloodstained altar of Trog.
  1251 | D:2      | Found an ancient bone altar of Kikubaaqudgha.
  1262 | D:2      | Reached skill level 1 in Invocations
  1326 | D:2      | Learned a level 2 spell: Blink
  1329 | D:2      | Learned a level 2 spell: Call Imp
  1333 | D:2      | Learned a level 3 spell: Conjure Flame
  1337 | D:2      | Learned a level 3 spell: Mephitic Cloud
  1476 | D:2      | Reached skill level 1 in Fighting
  1476 | D:2      | Reached skill level 1 in Short Blades
  1476 | D:2      | Reached skill level 1 in Long Blades
  1476 | D:2      | Reached skill level 1 in Axes
  1476 | D:2      | Reached skill level 1 in Maces & Flails
  1476 | D:2      | Reached skill level 1 in Polearms
  1476 | D:2      | Reached skill level 1 in Staves
  1476 | D:2      | Reached skill level 1 in Slings
  1476 | D:2      | Reached skill level 1 in Bows
  1476 | D:2      | Reached skill level 1 in Crossbows
  1476 | D:2      | Reached skill level 1 in Throwing
  1476 | D:2      | Reached skill level 1 in Armour
  1476 | D:2      | Reached skill level 1 in Shields
  1476 | D:2      | Reached skill level 1 in Unarmed Combat
  1476 | D:2      | Reached skill level 1 in Evocations
  1720 | D:3      | Reached XP level 4. HP: 32/32 MP: 9/13
  1840 | D:3      | Found a glowing drain.
  1911 | Sewer    | Entered a sewer
  2231 | Sewer    | Reached skill level 1 in Hexes
  2231 | Sewer    | Reached skill level 1 in Charms
  2231 | Sewer    | Reached skill level 1 in Necromancy
  2231 | Sewer    | Reached skill level 1 in Transmutations
  2231 | Sewer    | Reached skill level 1 in Fire Magic
  2231 | Sewer    | Reached skill level 1 in Ice Magic
  2231 | Sewer    | Reached skill level 1 in Air Magic
  2231 | Sewer    | Reached skill level 1 in Earth Magic
  2231 | Sewer    | Reached skill level 1 in Poison Magic
  2745 | D:3      | Reached XP level 5. HP: 37/37 MP: 7/14
  3410 | D:3      | Found a runed translucent door.
  3411 | D:3      | Noticed Crazy Yiuf
  3576 | D:3      | Killed Crazy Yiuf
  3614 | D:4      | Reached XP level 6. HP: 44/44 MP: 12/16
  3623 | D:4      | Found Takhloabo's Weapon Emporium.
  3907 | D:4      | Found a burning altar of Makhleb.
  4006 | D:5      | Entered Level 5 of the Dungeon
  4202 | D:5      | Noticed a phantom
  4224 | D:5      | Killed a phantom
  4224 | D:5      | Reached skill level 5 in Dodging
  4296 | D:5      | Noticed an ice beast
  4311 | D:5      | Killed an ice beast
  4311 | D:5      | Reached XP level 7. HP: 50/50 MP: 1/18
  4462 | D:5      | Found a snail-covered altar of Cheibriados.
  4465 | D:5      | Found a radiant altar of Vehumet.
  4466 | D:5      | Found a sacrificial altar of Ru.
  4473 | D:5      | Noticed Grinder
  4483 | D:5      | Noticed Eustachio
  4559 | D:5      | Paralysed by Grinder for 2 turns
  4562 | D:5      | Killed Grinder
  4569 | D:5      | Became a worshipper of Vehumet
  4583 | D:5      | Killed Eustachio
  4583 | D:5      | Reached skill level 5 in Stealth
  4874 | D:6      | Reached XP level 8. HP: 42/57 MP: 12/19
  5308 | D:6      | Reached skill level 8 in Spellcasting
  5316 | D:6      | Learned a level 3 spell: Regeneration
  5346 | D:6      | Reached * piety under Vehumet
  5346 | D:6      | Offered knowledge of Freeze by Vehumet.
  5480 | D:6      | Found a staircase to the Ecumenical Temple.
  5537 | D:6      | Found a stormy altar of Qazlal.
  5933 | D:7      | Reached XP level 9. HP: 58/65 MP: 0/21
  6282 | D:7      | Found a radiant altar of Vehumet.
  7153 | D:8      | Found a sand-covered staircase.
  7170 | Ossuary  | Entered an ossuary
  7205 | Ossuary  | Offered knowledge of Searing Ray by Vehumet.
  7284 | Ossuary  | Reached ** piety under Vehumet
  7947 | D:8      | Reached skill level 5 in Invocations
  8617 | D:9      | Found a staircase to the Lair.
  8946 | D:9      | Reached XP level 10. HP: 64/73 MP: 20/22
  9078 | D:9      | Offered knowledge of Inner Flame by Vehumet.
  9178 | D:9      | Reached skill level 5 in Fighting
  9178 | D:9      | Reached skill level 5 in Short Blades
  9178 | D:9      | Reached skill level 5 in Long Blades
  9178 | D:9      | Reached skill level 5 in Axes
  9178 | D:9      | Reached skill level 5 in Maces & Flails
  9178 | D:9      | Reached skill level 5 in Polearms
  9178 | D:9      | Reached skill level 5 in Staves
  9178 | D:9      | Reached skill level 5 in Slings
  9178 | D:9      | Reached skill level 5 in Bows
  9178 | D:9      | Reached skill level 5 in Crossbows
  9178 | D:9      | Reached skill level 5 in Throwing
  9178 | D:9      | Reached skill level 5 in Armour
  9178 | D:9      | Reached skill level 5 in Shields
  9178 | D:9      | Reached skill level 5 in Unarmed Combat
  9178 | D:9      | Reached skill level 5 in Evocations
  9334 | D:9      | Reached *** piety under Vehumet
  9660 | D:10     | Entered Level 10 of the Dungeon
  9790 | D:10     | Reached skill level 9 in Spellcasting
  9864 | D:10     | Reached skill level 5 in Conjurations
  9864 | D:10     | Reached skill level 5 in Summonings
  9864 | D:10     | Reached skill level 5 in Translocations
  9891 | D:10     | Offered knowledge of Stone Arrow by Vehumet.
  9999 | D:10     | Reached **** piety under Vehumet
 10006 | D:10     | Learned a level 3 spell: Stone Arrow
 10006 | D:10     | Offered knowledge of Irradiate by Vehumet.
 10242 | D:10     | Found a staircase to the Orcish Mines.
 10341 | D:10     | Reached XP level 11. HP: 61/81 MP: 18/24
 10410 | D:10     | Noticed Snorg
 10428 | D:10     | Killed Snorg
 10584 | D:10     | Reached skill level 5 in Hexes
 10584 | D:10     | Reached skill level 5 in Charms
 10584 | D:10     | Reached skill level 5 in Necromancy
 10584 | D:10     | Reached skill level 5 in Transmutations
 10584 | D:10     | Reached skill level 5 in Fire Magic
 10584 | D:10     | Reached skill level 5 in Ice Magic
 10584 | D:10     | Reached skill level 5 in Air Magic
 10584 | D:10     | Reached skill level 5 in Earth Magic
 10584 | D:10     | Reached skill level 5 in Poison Magic
 11322 | Lair:1   | Entered Level 1 of the Lair of Beasts
 11323 | Lair:1   | Noticed confidenceinterval's ghost (journeyman HOFi)
 11393 | Lair:1   | Noticed a six-headed hydra
 11412 | Lair:1   | Killed a six-headed hydra
 11677 | Lair:1   | Found a runed translucent door.
 12558 | Lair:2   | Found a staircase to the Swamp.
 12781 | Lair:2   | Reached XP level 12. HP: 83/89 MP: 21/25
 12784 | Lair:2   | Reached ***** piety under Vehumet
 12784 | Lair:2   | Offered knowledge of Ozocubu's Refrigeration by Vehumet.
 13179 | Lair:2   | Reached skill level 10 in Spellcasting
 13185 | Lair:2   | Noticed a seven-headed hydra
 13251 | Lair:2   | Killed a seven-headed hydra
 14028 | Lair:3   | Noticed a seven-headed hydra
 14034 | Lair:3   | Killed a seven-headed hydra
 14306 | Lair:3   | Learned a level 4 spell: Olgreb's Toxic Radiance
 14744 | Lair:4   | Found a staircase to the Snake Pit.
 14958 | Lair:4   | Got a sheer robe
 14969 | Lair:4   | Identified the +1 robe "Ucsu" {Int+4} (You found it on
                  | level 4 of the Lair of Beasts)
 15111 | Lair:4   | Offered knowledge of Poison Arrow by Vehumet.
 15225 | Lair:4   | Reached XP level 13. HP: 98/98 MP: 22/27
 15804 | Lair:5   | Found a hide-covered altar of Uskayaw.
 17186 | Lair:6   | Entered Level 6 of the Lair of Beasts
 17822 | Lair:6   | Found a staircase to the Slime Pits.
 17824 | Lair:6   | Offered knowledge of Bolt of Cold by Vehumet.
 17865 | Lair:6   | Reached skill level 11 in Spellcasting
 18411 | Lair:5   | Paralysed by a hornet for 1 turns
 18415 | Lair:5   | Reached XP level 14. HP: 23/106 MP: 4/29
 19176 | Lair:5   | Reached skill level 10 in Dodging
 19915 | Lair:5   | Reached skill level 10 in Stealth
 20420 | Lair:6   | Learned a level 6 spell: Bolt of Cold
 20602 | Orc:1    | Entered Level 1 of the Orcish Mines
 20769 | Orc:2    | Entered Level 2 of the Orcish Mines
 20889 | Orc:1    | Noticed Nergalle
 20896 | Orc:1    | Killed Nergalle
 20896 | Orc:1    | Offered knowledge of Conjure Ball Lightning by Vehumet.
 21024 | Orc:2    | Found a roughly hewn altar of Beogh.
 21113 | Orc:2    | Reached skill level 10 in Invocations
 21768 | Orc:2    | Found a staircase to the Elven Halls.
 22106 | Orc:2    | Noticed Saint Roka
 23010 | Orc:1    | Killed Saint Roka
 23195 | Orc:2    | Found Avuutsoc's Food Emporium.
 23195 | Orc:2    | Found Usekhli Risk's Jewellery Shop.
 23197 | Orc:2    | Found Ovinym's Book Boutique.
 23199 | Orc:2    | Found Eqank's Armour Shoppe.
 23562 | D:11     | Found a gate leading to a gauntlet.
 23598 | Gauntlet | Entered a Gauntlet
 23598 | Gauntlet | Found a transporter.
 23598 | Gauntlet | Found a transporter.
 23598 | Gauntlet | Found a transporter.
 23602 | Gauntlet | Found a transporter.
 23603 | Gauntlet | Found a transporter.
 23612 | Gauntlet | Found a transporter.
 23616 | Gauntlet | Found a transporter.
 23627 | Gauntlet | Found a transporter.
 23627 | Gauntlet | Found a transporter.
 23627 | Gauntlet | Found a transporter.
 23668 | Gauntlet | Found a transporter.
 23730 | Gauntlet | Found a transporter.
 23883 | Gauntlet | Killed from afar by a green death

Levels and vault maps discovered:
D:1:      dpeg_arrival_houses_and_road, layout_basic
D:2:      layout_loops_cross, grunt_temple_overflow_open
D:3:      layout_rooms, serial_forest, infiniplex_forest_clump_double,
          infiniplex_forest_clump_C, infiniplex_forest_straight_5,
          infiniplex_forest_clump_medium, infiniplex_forest_clump_large,
          infiniplex_forest_lined_3, first_ration, gup_sewer_entry_pipe,
          uniq_crazy_yiuf_cottage
D:4:      layout_cave_pools, lemuel_doored_altar, serial_shops,
          nicolae_shop_crystal
D:5:      layout_rooms, chequers_temple_overflow_statue_of_worship,
          uniq_eustachio, uniq_grinder
D:6:      layout_loops_ring, lemuel_temple_firewalk_b, serial_rivers,
          chequers_serial_rivers_micro_b, chequers_serial_rivers_large_a,
          chequers_serial_rivers_micro_c, chequers_serial_rivers_micro_e,
          nicolae_qazlal_general_emergency
D:7:      layout_gridville, vehumet_altar_wand_db
D:8:      layout_gridville, lightli_ossuary_entry_decrepit_ruins
D:9:      layout_basic, dpeg_oklobed_lair
D:10:     layout_stronghold, david_orc_4, minivault_7, uniq_snorg
D:11:     layout_basic, gauntlet_entry_generic, serial_shops,
          nicolae_shop_behind_doors, hangedman_little_slice_of_home
Lair:1:   layout_gridlike, hellmonk_ghost_happy_afterlife
Lair:2:   layout_cave_pods, skrybe_swamp_entry_bodies,
          grunt_forest_stairs_clearing
Lair:3:   layout_misc_corridors, infiniplex_staircase_pool, lemuel_fruit_tree
Lair:4:   layout_regular_city, guppyfry_snake_entry_island, lemuel_fruit_fields,
          serial_bayou_shore_b
Lair:5:   layout_roguey, basic_altar, st_stairs_10
Lair:6:   hangedman_lair_tendril_chambers, layout_gridlike, slime_dummy
Orc:1:    layout_caves, uniq_nergalle
Orc:2:    st_orc_rangers, layout_caves, basic_altar, uniq_saint_roka
Gauntlet: gammafunk_gauntlet_hard_choice [gammafunk_gauntlet_arena_mazey,
          gammafunk_gauntlet_arena_spirals,
          gammafunk_gauntlet_arena_arrow_garden,
          gammafunk_gauntlet_arena_split_diamond, nicolae_gauntlet_arena_blocks,
          nicolae_gauntlet_swirl, gauntlet_exit_green]

Skill      XL: |  1  2  3  4  5  6  7  8  9 10 11 12 13 14 |
---------------+-------------------------------------------+-----
Conjurations   | 2 3 4 5 6 7 8 |  8.2
Summonings     | 2 3 4 5 6 7 8 |  8.2
Translocations | 2 3 4 5 6 7 8 |  8.2
Invocations    | 1 2 3 4 5 6 7 8 9 10 | 10.3
Fighting       | 1 2 3 4 5 6 7 8 9 |  9.4
Short Blades   | 1 2 3 4 5 6 7 8 9 |  9.4
Long Blades    | 1 2 3 4 5 6 7 8 9 |  9.4
Axes           | 1 2 3 4 5 6 7 8 9 |  9.4
Maces & Flails | 1 2 3 4 5 6 7 8 9 |  9.4
Polearms       | 1 2 3 4 5 6 7 8 9 |  9.4
Staves         | 1 2 3 4 5 6 7 8 9 |  9.4
Slings         | 1 2 3 4 5 6 7 8 9 |  9.4
Bows           | 1 2 3 4 5 6 7 8 9 |  9.4
Crossbows      | 1 2 3 4 5 6 7 8 9 |  9.4
Throwing       | 1 2 3 4 5 6 7 8 9 |  9.4
Armour         | 1 2 3 4 5 6 7 8 9 |  9.4
Shields        | 1 2 3 4 5 6 7 8 9 |  9.4
Unarmed Combat | 1 2 3 4 5 6 7 8 9 |  9.4
Evocations     | 1 2 3 4 5 6 7 8 9 |  9.4
Hexes          | 1 2 3 4 5 6 7 |  7.9
Charms         | 1 2 3 4 5 6 7 |  7.9
Necromancy     | 1 2 3 4 5 6 7 |  7.9
Transmutations | 1 2 3 4 5 6 7 |  7.9
Fire Magic     | 1 2 3 4 5 6 7 |  7.9
Ice Magic      | 1 2 3 4 5 6 7 |  7.9
Air Magic      | 1 2 3 4 5 6 7 |  7.9
Earth Magic    | 1 2 3 4 5 6 7 |  7.9
Poison Magic   | 1 2 3 4 5 6 7 |  7.9
Dodging        | 5 6 7 8 9 10 | 10.5
Stealth        | 5 6 7 8 9 10 | 10.3
Spellcasting   | 8 9 10 11 | 11.6

Action                   |  1- 3 |  4- 6 |  7- 9 | 10-12 | 13-15 || total
-------------------------+-------+-------+-------+-------+-------++-------
Melee: Mace              |    14 |    56 |   186 |       |       ||   256
       Bite              |     1 |     5 |    19 |    51 |    81 ||   157
       Whip              |       |    39 |       |       |       ||    39
       Punch             |       |     1 |     2 |     5 |       ||     8
       Dagger            |       |       |    55 |   588 |   728 ||  1371
Throw: Dart              |       |       |     6 |    17 |     5 ||    28
 Cast: Magic Dart        |    81 |   134 |   293 |   260 |    42 ||   810
       Blink             |     2 |     1 |     2 |     6 |    32 ||    43
       Mephitic Cloud    |     1 |     7 |    23 |    42 |    49 ||   122
       Conjure Flame     |       |     1 |     4 |     2 |     1 ||     8
       Regeneration      |       |       |       |    14 |    15 ||    29
       Stone Arrow       |       |       |       |   160 |   332 ||   492
       Call Imp          |       |       |       |     2 |       ||     2
       Olgreb's Toxic Ra |       |       |       |       |    18 ||    18
       Bolt of Cold      |       |       |       |       |     9 ||     9
Evoke: Wand              |       |       |     5 |       |    18 ||    23
       Box of beasts     |       |       |       |       |     1 ||     1
  Use: Scroll            |       |       |    11 |     2 |     5 ||    18
       Potion            |       |       |       |       |     6 ||     6
 Stab: Sleeping          |     2 |       |     1 |     4 |     2 ||     9
       Confused          |       |     2 |     8 |    12 |    14 ||    36
       Distracted        |       |       |       |     1 |       ||     1
  Eat: Chunk             |     2 |     9 |    18 |    23 |    25 ||    77
       Ration            |       |       |       |       |     2 ||     2
Armor: Robe              |     2 |    12 |    61 |    96 |    81 ||   252
Dodge: Dodged            |    16 |    59 |   163 |   407 |   416 ||  1061
Block: Buckler           |       |       |       |    36 |   165 ||   201

Table legend:
 A = Non-vault XP
 B = Vault XP
 C = Vault XP percentage of total XP
 D = Non-vault monster count
 E = Vault monster count
 F = Vault count percentage of total count
                 A         B        C        D         E       F
            +---------+---------+-------+---------+---------+-------
      Total |   55466 |   28935 |  34.3 |     403 |     182 |  31.1
            +---------+---------+-------+---------+---------+-------
        D:1 |      30 |       0 |   0.0 |      14 |       0 |   0.0
        D:2 |      50 |       0 |   0.0 |      16 |       0 |   0.0
        D:3 |     126 |      56 |  30.8 |      24 |       7 |  22.6
        D:4 |      50 |       0 |   0.0 |       3 |       0 |   0.0
        D:5 |     304 |     495 |  62.0 |       5 |       2 |  28.6
        D:6 |     914 |       0 |   0.0 |      25 |       0 |   0.0
        D:7 |     856 |       2 |   0.2 |      26 |       1 |   3.7
        D:8 |    1274 |       0 |   0.0 |      19 |       0 |   0.0
        D:9 |    2300 |       0 |   0.0 |      35 |       0 |   0.0
       D:10 |    2869 |    3241 |  53.0 |      37 |      38 |  50.7
       D:11 |     113 |       0 |   0.0 |       3 |       0 |   0.0
     Lair:1 |    3101 |     220 |   6.6 |      14 |       2 |  12.5
     Lair:2 |    7808 |     994 |  11.3 |      38 |       5 |  11.6
     Lair:3 |    3761 |       0 |   0.0 |      14 |       0 |   0.0
     Lair:4 |    6940 |     326 |   4.5 |      27 |       2 |   6.9
     Lair:5 |   13355 |    2005 |  13.1 |      43 |       6 |  12.2
     Lair:6 |    9375 |    8329 |  47.0 |      30 |      29 |  49.2
      Orc:1 |     499 |    5675 |  91.9 |       9 |       3 |  25.0
      Orc:2 |    1741 |    6657 |  79.3 |      21 |      51 |  70.8
      Sewer |       0 |      47 | 100.0 |       0 |      16 | 100.0
    Ossuary |       0 |     160 | 100.0 |       0 |      16 | 100.0
   Gauntlet |       0 |     728 | 100.0 |       0 |       4 | 100.0
            +---------+---------+-------+---------+---------+-------
